 Dungeon Crawl Stone Soup version 0.30-a0-5-g3a90980b9d (webtiles) character file.

Game seed: 9380414160639099667

95 Ijustatesigmund the Firebug (level 4, -3/35 HPs)
             Began as a Hill Orc Fire Elementalist on Aug 22, 2022.
             Slain by an orc
             ... wielding a +0 club
              (5 damage)
             ... on level 3 of the Dungeon.
             The game lasted 00:03:53 (3286 turns).

Ijustatesigmund the Firebug (HOFE)                  Turns: 3286, Time: 00:03:54

Health: -3/35      AC:  3    Str: 10    XL:     4   Next: 65%
Magic:  7/7        EV:  9    Int: 17    God:
Gold:   132        SH:  0    Dex: 11    Spells: 5/8 levels left

rFire   . . .      SeeInvis .    l - +0 trident
rCold   . . .      Faith    .    (no shield)
rNeg    . . .      Spirit   .    a - +0 robe
rPois   .          Reflect  .    d - +0 helmet
rElec   .          Harm     .    (no cloak)
rCorr   .          Rampage  .    (no gloves)
Will    .....                    (no boots)
Stlth   ++........               (no amulet)
HPRegen 0.11/turn                (no ring)
MPRegen 0.10/turn                (no ring)

@: mighty, brilliant, hasted, constricted, very quick
A: no striking features
a: no special abilities


You were on level 3 of the Dungeon.
You visited 1 branch of the dungeon, and saw 3 of its levels.

You collected 132 gold pieces.

Inventory:

Hand Weapons
 l - a +0 trident (weapon)
Armour
 a - a +0 robe (worn)
 d - a +0 helmet (worn)
Scrolls
 h - a scroll of teleportation
Potions
 b - a potion of magic
 g - a potion of might
 i - a potion of heal wounds {unknown}
 k - a potion of attraction {unknown}
 m - a potion of haste
 n - a potion of curing {unknown}


   Skills:
 + Level 1.3 Fighting
 - Level 1.5 Dodging
 - Level 1.5 Stealth
 - Level 2.5 Spellcasting
 - Level 1.0 Conjurations
 + Level 4.7 Fire Magic


You had 5 spell levels left.
You knew the following spells:

 Your Spells              Type           Power      Damage    Failure   Level
a - Foxfire               Conj/Fire      68%        2x1d7     6%          1
b - Scorch                Fire           54%        2d8       4%          2

Your spell library contained the following spells:

 Spells                   Type           Power      Damage    Failure   Level
 Conjure Flame            Conj/Fire      17%        6-21      17%         3
 Inner Flame              Hex/Fire       15%        N/A       22%         3
 Flame Wave               Conj/Fire      17%        2d7       50%         4


Dungeon Overview and Level Annotations

Branches:
Dungeon (3/15)

Altars:
Fedhas


Message History

You hit the bat.
You kill the bat!
The orc hits you with a +0 club.
You closely miss the orc.
A ball python comes into view.
The orc closely misses you. The orc completely misses you.
The ball python hisses angrily.
You hit the orc.
The orc is lightly wounded.
The orc hits you with a +0 club. The orc barely misses you.
You closely miss the orc.
The orc is lightly wounded.
The orc hits you with a +0 club. The orc hits you with a +0 flail!
The ball python barely misses you. x2
You puncture the orc!
You kill the orc!
The ball python bites you but does no damage.
The ball python grabs you. The ball python constricts you.
An endoplasm comes into view.
The orc hits you but does no damage. The ball python closely misses you.
The ball python constricts you. The orc hits you with a +0 club. x2
It was a potion of might.
You feel very mighty all of a sudden. The ball python bites you.
* * * LOW HITPOINT WARNING * * *
The ball python constricts you.
* * * LOW HITPOINT WARNING * * *
The orc hits you with a +0 club.
* * * LOW HITPOINT WARNING * * *
The orc barely misses you.
It was a potion of brilliance.
You feel clever all of a sudden.
The ball python bites you but does no damage.
The ball python constricts you. The orc closely misses you.
The orc barely misses you.
It was a potion of haste.
You feel yourself speed up. The ball python bites you.
* * * LOW HITPOINT WARNING * * *
The ball python constricts you. The orc hits you with a +0 club.
You die...

.# .. .# ... .#
#.. .####.# #..
.....
####..####o.#
......#.S@o.#..#
......#.##†.#..#
#####...##.##..#
#...........#..#
#.###.#.....#..#
#.#.##.##..#
#.#.##.##..#
#.#.##.##..#
#.#........#


You could see 2 orcs and a ball python.

Vanquished Creatures
  4 adders (D:2)
  2 worms (D:2)
  A dart slug (D:1)
  An orc (D:3)
  8 ball pythons
  5 endoplasms
  6 goblins
  5 hobgoblins
  3 kobolds
  A quokka (D:2)
  8 bats
  4 frilled lizards
  3 rats (D:1)
51 creatures vanquished.

Vanquished Creatures (others)
  55 foxfires
55 creatures vanquished.

Grand Total: 106 creatures vanquished

Notes
Turn   | Place    | Note
-------+----------+-------------------------------------------
     0 | D:1      | Ijustatesigmund the Hill Orc Fire Elementalist began the
                  | quest for the Orb.
     0 | D:1      | Reached XP level 1. HP: 14/14 MP: 3/3
   190 | D:1      | Reached XP level 2. HP: 13/20 MP: 0/4
   298 | D:1      | Learned a level 2 spell: Scorch
  1206 | D:1      | Reached XP level 3. HP: 26/26 MP: 3/6
  1273 | D:1      | Reached skill level 4 in Fire Magic
  2137 | D:2      | Reached XP level 4. HP: 33/33 MP: 2/7
  2386 | D:2      | Reached skill level 1 in Fighting
  2844 | D:2      | Found a faded altar of an unknown god.
  3037 | D:3      | Found a blossoming altar of Fedhas.
  3286 | D:3      | Slain by an orc

Illustrated notes

Levels and vault maps discovered:
D:1:      spicycebolla_green_bress_n_ham_2, layout_loops_corners,
          corexii_corridor_pit
D:2:      layout_basic, shapermc_ecumenical_altar_hornbeckon,
          minmay_misc_feat_tower, kennysheep_small_spiral
D:3:      layout_basic, lemuel_crystal_altar, uniq_grinder

Skill      XL: |  1  2  3  4 |
---------------+-------------+-----
Spellcasting   | 2 |  2.5
Fire Magic     | 4 |  4.7
Fighting       | 1 |  1.3
Dodging        | |  1.5
Stealth        | |  1.5
Conjurations   | |  1.0

Action                   |  1- 3 |  4- 6 || total
-------------------------+-------+-------++-------
Melee: Dagger            |    25 |       ||    25
       Trident           |       |    46 ||    46
 Cast: Foxfire           |    29 |     4 ||    33
       Scorch            |    17 |     7 ||    24
  Use: Scroll            |       |     3 ||     3
       Potion            |       |     3 ||     3
 Stab: Sleeping          |       |     4 ||     4
Armor: Robe              |     7 |    12 ||    19
Dodge: Dodged            |    30 |    43 ||    73

Table legend: (Time is in decaauts)
 A = Elapsed time spent in this place.
 B = Non-inter-level travel time spent in this place.
 C = Inter-level travel time spent in this place.
 D = Time resting spent in this place.
 E = Time spent auto-exploring this place.
 F = Levels seen in this place.
 G = Mean time per level.
                   A        B        C        D        E       F      G
               +--------+--------+--------+--------+--------+-----+--------+
         Total |   3306 |   3280 |     26 |    690 |   2202 |   3 | 1102.0 |
       Dungeon |   3306 |   3280 |     26 |    690 |   2202 |   3 | 1102.0 |
               +--------+--------+--------+--------+--------+-----+--------+

Top non-repeatable levels by time:
     D:2: 1515 daAuts
     D:1: 1487 daAuts
     D:3: 303 daAuts
